 Dungeon Crawl Stone Soup version 0.29-a0-283-ga02f740833 (webtiles) character file.

Game seed: 4725095579973908727

83 Ajdolov the Cleaver (level 4, -5/32 HPs)
             Began as a Gnoll Wanderer on Mar 13, 2022.
             Slain by an iguana (13 damage)
             ... on level 2 of the Dungeon.
             The game lasted 00:02:53 (2423 turns).

Ajdolov the Cleaver (Gnoll Wanderer)                Turns: 2423, Time: 00:02:54

Health: -5/32      AC:  3    Str: 11    XL:     4   Next: 44%
Magic:  8/8        EV: 11    Int: 13    God:
Gold:   83         SH:  5    Dex: 12    Spells: 9/9 levels left

rFire   . . .      SeeInvis .   a - +2 hand axe
rCold   . . .      Faith    .   b - +0 buckler
rNeg    . . .      Spirit   .   d - +0 leather armour
rPois   .          Reflect  .   (no helmet)
rElec   .          Harm     .   (no cloak)
rCorr   .          Rampage  .   (no gloves)
Will    .....                   (no boots)
Stlth   +.........              (no amulet)
HPRegen 0.10/turn               (no ring)
MPRegen 0.11/turn               (no ring)

@: no status effects
A: fangs 1, strong nose, distributed training
a: no special abilities


You were on level 2 of the Dungeon.
You visited 1 branch of the dungeon, and saw 3 of its levels.

You collected 83 gold pieces.

Inventory:

Hand Weapons
 a - a +2 hand axe (weapon)
Armour
 b - a +0 buckler (worn)
 d - a +0 leather armour (worn)
Scrolls
 f - a scroll of vulnerability
 g - a scroll of brand weapon
 h - a scroll of fog {unknown}
 j - a scroll of enchant armour {unknown}
 k - a scroll of teleportation {unknown}
 l - a scroll of enchant weapon {unknown}
 m - a scroll of amnesia {unknown}
Potions
 c - a potion of brilliance
 i - a potion of might


   Skills:
 + Level 1.1 Fighting
 + Level 1.1 Short Blades
 + Level 1.1 Long Blades
 + Level 8.5 Axes
 + Level 1.1 Maces & Flails
 + Level 1.1 Polearms
 + Level 1.1 Staves
 + Level 1.1 Slings
 + Level 1.1 Bows
 + Level 1.1 Crossbows
 + Level 2.7 Throwing
 + Level 1.1 Armour
 + Level 1.1 Dodging
 + Level 1.1 Stealth
 + Level 4.6 Shields
 + Level 1.1 Unarmed Combat
 + Level 3.0 Spellcasting
 + Level 0.9 Conjurations
 + Level 0.9 Hexes
 + Level 0.9 Summonings
 + Level 0.9 Necromancy
 + Level 0.9 Translocations
 + Level 0.9 Transmutations
 + Level 0.9 Fire Magic
 + Level 0.9 Ice Magic
 + Level 3.8 Air Magic
 + Level 0.9 Earth Magic
 + Level 0.9 Poison Magic
 + Level 1.2 Invocations
 + Level 1.1 Evocations


You had 9 spell levels left.
You didn't know any spells.
Your spell library contained the following spells:

 Spells                   Type           Power      Damage    Failure   Level
 Corpse Rot               Necr/Air       16%        N/A       22%         2
 Static Discharge         Conj/Air       8%         N/A       22%         2
 Animate Skeleton         Necr           8%         N/A       26%         1
 Apportation              Tloc           8%         N/A       26%         1
 Beastly Appendage        Tmut           8%         N/A       26%         1
 Slow                     Hex            16%        N/A       26%         1
 Summon Small Mammal      Summ           16%        N/A       26%         1
 Wereblood                Tmut           4%         N/A       38%         2
 Confusing Touch          Hex            4%         N/A       63%         3
 Spider Form              Tmut/Pois      4%         N/A       63%         3
 Vampiric Draining        Necr           4%         2d6       63%         3


Dungeon Overview and Level Annotations

Branches:
Dungeon (3/15)

Altars:
Dithmenos

Annotations:
D:3 Sigmund


Innate Abilities, Weirdness & Mutations

You have very sharp teeth.
Your uncanny sense of smell can sniff out nearby items.
Your experience applies equally to all skills.


Message History

The orc is lightly wounded.
You hit the orc but do no damage. You hit the orc.
The orc is almost dead.
You hit the orc. The orc hits you but does no damage.
You block the orc's attack.
Unknown command.
You closely miss the orc.
The orc is heavily wounded.
You barely miss the orc. The orc barely misses you.
The orc hits you with a +0 mace!
You hit the orc.
You kill the orc!
You barely miss the orc. The orc barely misses you.
Sigmund and an orc come into view.
Unknown command.
The orc shouts!
The iguana hisses angrily.
The orc hits you with a +0 mace. The orc attacks as you move away!
The orc completely misses you.
Things that are here:
a +0 whip; an orc corpse The orc attacks as you move away!
The orc misses you. The orc attacks as you move away!
The orc hits you with a +0 mace!
You hit the orc.
You kill the orc!
You see here a jackal corpse.
There is a stone staircase leading up here.
There are monsters nearby!
The iguana misses you.
Sigmund mumbles some strange words.
Sigmund flickers and vanishes!
Deactivating autopickup; reactivate with Ctrl-A.
You climb upwards.
Reactivating autopickup.
There is a stone staircase leading down here.
The iguana attacks as you move away! The iguana bites you!
* * * LOW HITPOINT WARNING * * *
Really walk into that teleport trap?
The iguana attacks as you move away! The iguana bites you!
You die...

##################
#.............##..
#.............##..
#.............#...
#..........(..'...
#^.......##+###...
#@...)...+.....##.
#l.......#...#.###
#........#...#.##.
####.................
#...>)####+#.....###.
#.##.................
###.##.#..###....#.)...
#...#.....#.#....#.....
#.#.#.#.....#.รท..#....#


You could see an iguana.

Vanquished Creatures
  2 adders (D:2)
  A gnoll (D:1)
  A dart slug (D:1)
  3 orcs (D:3)
  4 ball pythons
  3 endoplasms
  2 giant cockroaches
  5 goblins
  3 hobgoblins
  5 jackals
  3 quokkas (D:2)
  2 bats
  3 frilled lizards
  5 kobolds
  3 rats
45 creatures vanquished.

Notes
Turn   | Place    | Note
-------+----------+-------------------------------------------
     0 | D:1      | Ajdolov the Gnoll Wanderer began the quest for the Orb.
     0 | D:1      | Ajdolov set off with the following items: a +2 hand axe, a
                  | +0 buckler, a potion of brilliance, a +0 leather armour;
                  | and the following spells available to memorise: Corpse Rot,
                  | Static Discharge
     0 | D:1      | Reached XP level 1. HP: 13/13 MP: 4/4
   479 | D:1      | Reached XP level 2. HP: 19/19 MP: 5/5
   482 | D:1      | Found a faded altar of an unknown god.
   852 | D:1      | Reached XP level 3. HP: 16/25 MP: 7/7
  1456 | D:2      | Reached skill level 1 in Invocations
  1772 | D:2      | Reached skill level 1 in Fighting
  1772 | D:2      | Reached skill level 1 in Short Blades
  1772 | D:2      | Reached skill level 1 in Long Blades
  1772 | D:2      | Reached skill level 1 in Maces & Flails
  1772 | D:2      | Reached skill level 1 in Polearms
  1772 | D:2      | Reached skill level 1 in Staves
  1772 | D:2      | Reached skill level 1 in Slings
  1772 | D:2      | Reached skill level 1 in Bows
  1772 | D:2      | Reached skill level 1 in Crossbows
  1772 | D:2      | Reached skill level 1 in Armour
  1772 | D:2      | Reached skill level 1 in Dodging
  1772 | D:2      | Reached skill level 1 in Stealth
  1772 | D:2      | Reached skill level 1 in Unarmed Combat
  1772 | D:2      | Reached skill level 1 in Evocations
  1794 | D:2      | Reached XP level 4. HP: 30/32 MP: 8/8
  2380 | D:3      | Found a shadowy altar of Dithmenos.
  2392 | D:3      | Noticed Sigmund
  2423 | D:2      | Slain by an iguana

Illustrated notes

Levels and vault maps discovered:
D:1:      dpeg_arrival_stone_temple_mockup, layout_basic,
          dilly_ecumenical_altar_fadedgnrine
D:2:      layout_basic
D:3:      layout_loops_cross, nicolae_dithmenos_the_darkroom,
          ebering_ghost_reflecting_pool, uniq_sigmund

Skill      XL: |  1  2  3  4 |
---------------+-------------+-----
Invocations    | 1 |  1.2
Fighting       | 1 |  1.1
Short Blades   | 1 |  1.1
Long Blades    | 1 |  1.1
Maces & Flails | 1 |  1.1
Polearms       | 1 |  1.1
Staves         | 1 |  1.1
Slings         | 1 |  1.1
Bows           | 1 |  1.1
Crossbows      | 1 |  1.1
Armour         | 1 |  1.1
Dodging        | 1 |  1.1
Stealth        | 1 |  1.1
Unarmed Combat | 1 |  1.1
Evocations     | 1 |  1.1
Spellcasting   | 3 |  3.0
Axes           | |  8.5
Throwing       | |  2.7
Shields        | |  4.6
Conjurations   | |  0.9
Hexes          | |  0.9
Summonings     | |  0.9
Necromancy     | |  0.9
Translocations | |  0.9
Transmutations | |  0.9
Fire Magic     | |  0.9
Ice Magic      | |  0.9
Air Magic      | |  3.8
Earth Magic    | |  0.9
Poison Magic   | |  0.9

Action                   |  1- 3 |  4- 6 || total
-------------------------+-------+-------++-------
Melee: Hand axe          |    98 |    33 ||   131
       Bite              |     8 |     4 ||    12
  Use: Scroll            |     1 |     2 ||     3
 Stab: Sleeping          |     2 |       ||     2
Armor: Leather armour    |    20 |     3 ||    23
Dodge: Dodged            |    44 |    16 ||    60
Block: Buckler           |    17 |     5 ||    22

Table legend: (Time is in decaauts)
 A = Elapsed time spent in this place.
 B = Non-inter-level travel time spent in this place.
 C = Inter-level travel time spent in this place.
 D = Time resting spent in this place.
 E = Time spent auto-exploring this place.
 F = Levels seen in this place.
 G = Mean time per level.
                   A        B        C        D        E       F      G
               +--------+--------+--------+--------+--------+-----+--------+
         Total |   2411 |   2353 |     58 |    392 |   1653 |   3 |  803.7 |
       Dungeon |   2411 |   2353 |     58 |    392 |   1653 |   3 |  803.7 |
               +--------+--------+--------+--------+--------+-----+--------+

Top non-repeatable levels by time:
     D:1: 1299 daAuts
     D:2: 996 daAuts
     D:3: 115 daAuts
